 Dungeon Crawl Stone Soup version 0.17.1-3-g152610e (webtiles) character file.

57 juanjsm the Stinger (level 3, -3/16 HPs)
             Began as a Spriggan Venom Mage on Apr 21, 2016.
             Slain by an iguana (13 damage)
             ... on level 2 of the Dungeon.
             The game lasted 00:07:39 (1634 turns).

juanjsm the Stinger (Spriggan Venom Mage)           Turns: 1634, Time: 00:07:39

Health: -3/16      AC:  2    Str:  4    XL:     3   Next: 73%
Magic:  0/8        EV: 18    Int: 17    God:
Gold:   43         SH:  0    Dex: 16    Spells: 3 memorised, 2 levels left

rFire  x . .     SeeInvis +     d - +0 dagger
rCold  + . .     Clarity  .     a - +0 robe
rNeg   . . .     SustAt   .     (shield restricted)
rPois  .         Gourm    .     (helmet restricted)
rElec  .         Spirit   .     (no cloak)
rCorr  .         Warding  .     (gloves unavailable)
rMut   .         Stasis   .     (boots unavailable)
MR     .....                    (no amulet)
Stlth  +++.......               (no ring)
                                j - ring of ice

@: very slightly contaminated, very quick, not resistant to hostile
enchantments, fairly stealthy
A: unfitting armour, see invisible, herbivore 3, speed 3, slow metabolism 2
a: no special abilities


You were on level 2 of the Dungeon.
You were not hungry.

You visited 1 branch of the dungeon, and saw 3 of its levels.

You collected 43 gold pieces.

Inventory:

Hand Weapons
 d - a +0 dagger (weapon)
 p - a +0 hunting sling
Missiles
 e - 77 stones (quivered)
Armour
 a - a +0 robe (worn)
Jewellery
 j - a ring of ice (left hand)
Scrolls
 f - 2 scrolls of identify {unknown}
 h - a scroll of enchant weapon {unknown}
 i - a scroll of remove curse {unknown}
 m - a scroll of teleportation {unknown}
 q - 2 scrolls of magic mapping {unknown}
Potions
 g - a potion of curing {unknown}
 k - a potion of lignification {unknown}
 l - a potion of brilliance {unknown}
 n - a potion of cancellation {unknown}
 o - a potion of heal wounds {unknown}
Books
 b - a Young Poisoner's Handbook

   Spells                             Type                      Level
   a - Sting                          Conjuration/Poison           1
   b - Cure Poison                    Poison                       2
   c - Mephitic Cloud                 Conjuration/Poison/Air       3
   d - Olgreb's Toxic Radiance        Poison                       4
   e - Venom Bolt                     Conjuration/Poison           5
Comestibles
 c - 2 bread rations


   Skills:
 + Level 0.1 Fighting
 + Level 0.2 Short Blades
 + Level 3.5 Dodging
 + Level 3.6 Stealth
 + Level 3.0 Spellcasting
 + Level 0.5 Conjurations
 + Level 4.7 Poison Magic


You had 2 spell levels left.
You knew the following spells:

 Your Spells              Type           Power        Failure   Level  Hunger
a - Sting                 Conj/Pois      ##..         10%         1    None
b - Cure Poison           Pois           ###.......   4%          2    ##.....
c - Mephitic Cloud        Conj/Pois/Air  #.......     24%         3    ###....


Dungeon Overview and Level Annotations

Branches:
Dungeon (3/15)

Altars:


Innate Abilities, Weirdness & Mutations

You are tiny and cannot use many weapons and most armour.
You have supernaturally acute eyesight.
You are a herbivore.
You cover ground extremely quickly.
You need consume almost no food.


Message History

Unknown command.
Casting: Sting
Confirm with . or Enter, or press ? or * to list all spells.
Aiming: Sting
Press: ? - help, Shift-Dir - straight line, f/p - iguana
Aim: an iguana (severely wounded)
The sting misses the iguana.
Casting: Sting
Confirm with . or Enter, or press ? or * to list all spells.
Aiming: Sting
Press: ? - help, Shift-Dir - straight line, f/p - iguana
Aim: an iguana (severely wounded)
The sting hits the iguana.
The iguana appears unharmed.
The iguana is severely wounded.
The iguana barely misses you.
You hit the iguana but do no damage.
The iguana is severely wounded.
The iguana bites you!
Ouch! That really hurt!
You die...

#.# #.# #.# ############
####'####
###..........###.......#
#.+....†...............+
#.#.....(..............# ##
#.#....................######.
#>...........@l.............'.
#.########.................##.
#.########..............##.##.
#.#......'(.........###'##.##.
#.#.######......#..........##.
#.#.# #......#..........##.
####'#.# #......#..........++.
.......######......#..........##.
...........##......#..........#..


You could see an iguana.

Vanquished Creatures
  2 adders (D:2)
  An ooze (D:2)
  2 giant geckos (D:1)
  5 bats
  2 goblins
  3 hobgoblins (D:1)
  3 kobolds
  5 giant newts
  5 jackals
  3 rats
31 creatures vanquished.

Notes
Turn   | Place    | Note
--------------------------------------------------------------
     0 | D:1      | juanjsm the Spriggan Venom Mage began the quest for the Orb.
     0 | D:1      | Reached XP level 1. HP: 9/9 MP: 5/5
   261 | D:1      | Reached XP level 2. HP: 8/13 MP: 0/6
   265 | D:1      | Learned a level 2 spell: Cure Poison
  1351 | D:2      | Reached XP level 3. HP: 13/16 MP: 0/8
  1356 | D:2      | Learned a level 3 spell: Mephitic Cloud
  1634 | D:2      | Slain by an iguana

Action                   || total
-------------------------++-------
Melee: Dagger            ||    45
       Unarmed           ||    11
 Cast: Sting             ||    70
 Stab: Sleeping          ||     7
